 Dungeon Crawl Stone Soup version 0.28.0 (webtiles) character file.

Game seed: 7667722842147937400

168 Gabide the Poker (level 5, 0/41 HPs)
             Began as a Human Monk on Feb 14, 2022.
             Succumbed to a water moccasin's poison
             ... on level 4 of the Dungeon.
             The game lasted 00:07:47 (4783 turns).

Gabide the Poker (Human Monk)                       Turns: 4783, Time: 00:07:47

Health: 0/41       AC:  3    Str: 11    XL:     5   Next: 78%
Magic:  5/5        EV: 14    Int: 10    God:
Gold:   185        SH:  0    Dex: 18    Spells: 4/4 levels left

rFire   . . .      SeeInvis .   o - +0 halberd
rCold   . . .      Faith    .   (shield currently unavailable)
rNeg    . . .      Spirit   .   b - +0 robe
rPois   .          Reflect  .   (helmet restricted)
rElec   .          Harm     .   (no cloak)
rCorr   .          Rampage  .   e - +0 pair of gloves
Will    .....                   (no boots)
Stlth   +++.......              g - amulet of magic regeneration
HPRegen 0.13/turn               (no ring)
MPRegen 0.49/turn               (no ring)

@: lethally poisoned (0 -> -14)
A: horns 1, high MP 1
a: no special abilities


You were on level 4 of the Dungeon.
You visited 1 branch of the dungeon, and saw 4 of its levels.

You collected 185 gold pieces.

Inventory:

Hand Weapons
 a - a +0 spear
 o - a +0 halberd (weapon)
Armour
 b - a +0 robe (worn)
 e - a +0 pair of gloves (worn)
 k - a +0 helmet
Jewellery
 g - an amulet of magic regeneration (around neck)
Scrolls
 f - a scroll of fear {unknown}
 h - a scroll of identify {unknown}
 i - a scroll of enchant weapon {unknown}
 l - a scroll of amnesia {unknown}
 m - 2 scrolls of vulnerability {unknown}
Potions
 j - a potion of ambrosia {unknown}
 n - a potion of curing {unknown}


   Skills:
 + Level 3.4 Fighting
 + Level 4.4 Polearms
 * Level 4.0 Dodging
 + Level 3.1 Stealth


You had 4 spell levels left.
You didn't know any spells.
Your spell library contained the following spells:

 Spells                   Type           Power      Damage    Failure   Level
 Blink                    Tloc           0%         N/A       50%         2
 Gell's Gravitas          Tloc           0%         N/A       75%         3
 Lesser Beckoning         Tloc           0%         N/A       75%         3
 Teleport Other           Tloc           0%         N/A       75%         3
 Manifold Assault         Tloc           0%         N/A       100%        5


Dungeon Overview and Level Annotations

Branches:
Dungeon (4/15)
 Temple: D:4-7

Altars:
Cheibriados
Dithmenos
Zin
Beogh

Shops:
D:2 [

Annotations:
D:3 3 runed translucent doors, daodarkstar's ghost, amateur DsFi


Innate Abilities, Weirdness & Mutations

You have a pair of small horns on your head.
You have an increased reservoir of magic. (+10% MP)


Message History

The hobgoblin hits you. The water moccasin barely misses you.
You closely miss the water moccasin. The water moccasin bites you.
The hobgoblin barely misses you. The water moccasin bites you.
You are too injured to fight recklessly!
You are too injured to fight recklessly!
You are too injured to fight recklessly!
You are too injured to fight recklessly!
You are too injured to fight recklessly!
You are too injured to fight recklessly!
You are too injured to fight recklessly!
You are too injured to fight recklessly!
You are too injured to fight recklessly!
You are too injured to fight recklessly!
You are too injured to fight recklessly!
Press: ? - help, v - describe, . - travel
Here: a water moccasin The floor.
Unknown command.
You hit the water moccasin.
The water moccasin is lightly wounded.
The water moccasin misses you.
The water moccasin bites you but does no damage.
You hit the water moccasin.
The water moccasin is lightly wounded.
The water moccasin bites you but does no damage.
The water moccasin bites you.
You hit the water moccasin but do no damage.
The water moccasin is lightly wounded.
The water moccasin bites you.
* * * LOW HITPOINT WARNING * * *
The water moccasin bites you.
* * * LOW HITPOINT WARNING * * *
It was a potion of mutation.
You feel extremely strange.
You feel more energetic. A pair of horns grows on your head!
Your +0 helmet falls away!
The water moccasin bites you.
* * * LOW HITPOINT WARNING * * *
You are lethally poisoned!
The water moccasin poisons you!
It was a potion of magic.
Magic courses through your body.
You die...

#........#.#
#.##.....#.#
#.##....##.#
#.##.......##.
#.###########.
#.# #. #.# #.
#.#########.#
#.
#....gS@....#
#.
....._.[#######
#. ...#....#
##. . #.##.#
########.. #.
... ........>.
# #.# ######...
#.# #........
#.# #.####...
##.#.


You could see a water moccasin and a hobgoblin.

Vanquished Creatures
  3 gnolls (D:4)
  5 adders
  An adder skeleton (D:4)
  2 worms
  A dart slug (D:3)
  4 orcs (D:3)
  6 ball pythons
  5 endoplasms
  3 giant cockroaches
  3 goblins
  15 hobgoblins
  3 quokkas
  9 bats
  13 frilled lizards
  5 kobolds
  3 rats
81 creatures vanquished.

Vanquished Creatures (others)
  7 plants (D:3)
7 creatures vanquished.

Grand Total: 88 creatures vanquished

Notes
Turn   | Place    | Note
-------+----------+-------------------------------------------
     0 | D:1      | Gabide the Human Monk began the quest for the Orb.
     0 | D:1      | Reached XP level 1. HP: 18/18 MP: 1/1
   214 | D:1      | Reached XP level 2. HP: 7/24 MP: 2/2
   903 | D:1      | Found a faded altar of an unknown god.
  1133 | D:1      | Reached XP level 3. HP: 29/29 MP: 3/3
  2222 | D:2      | Reached XP level 4. HP: 35/35 MP: 4/4
  2343 | D:2      | Found a shadowy altar of Dithmenos.
  2380 | D:2      | Found Kulel's Armour Shop.
  3635 | D:3      | Found a glowing silver altar of Zin.
  3635 | D:3      | Found a shadowy altar of Dithmenos.
  3675 | D:3      | Reached XP level 5. HP: 22/41 MP: 5/5
  4063 | D:3      | Found a runed translucent gate.
  4063 | D:3      | Found a runed translucent gate.
  4063 | D:3      | Noticed daodarkstar's ghost (amateur DsFi)
  4064 | D:3      | Found a runed translucent gate.
  4065 | D:3      | Identified the +12 dagger "Arcanum" {elec, Str+4}
  4764 | D:4      | Found a snail-covered altar of Cheibriados.
  4768 | D:4      | Noticed a water moccasin
  4782 | D:4      | Gained mutation: You have an increased reservoir of magic.
                  | (+10% MP) [potion of mutation]
  4782 | D:4      | Gained mutation: You have a pair of small horns on your
                  | head. [potion of mutation]
  4783 | D:4      | Succumbed to a water moccasin's poison

Illustrated notes

Levels and vault maps discovered:
D:1:      eino_arrival_cavern_e, layout_basic,
          shapermc_ecumenical_altar_totnotflames
D:2:      layout_basic, serial_shops, nicolae_shop_stone, basic_altar
D:3:      layout_basic, jmf_multi_god_temple, biasface_ghost_orc_armoury,
          chequers_jeans, minmay_lizard_king
D:4:      layout_loops_ring, elyvilon_altar_3, cheibriados_altar_1, uniq_natasha

Skill      XL: |  1  2  3  4  5 |
---------------+----------------+-----
Polearms       | 4 |  4.4
Stealth        | 3 |  3.1
Dodging        | 4 |  4.0
Fighting       | |  3.4

Action                   |  1- 3 |  4- 6 || total
-------------------------+-------+-------++-------
Melee: Spear             |   161 |   176 ||   337
       Punch             |     4 |     1 ||     5
       Halberd           |       |    26 ||    26
  Use: Potion            |       |     2 ||     2
 Stab: Sleeping          |     7 |    13 ||    20
       Distracted        |       |     2 ||     2
Armor: Robe              |    15 |    29 ||    44
Dodge: Dodged            |    86 |    89 ||   175
